 Dungeon Crawl Stone Soup version 0.32-a0-686-gc880bc2 (webtiles) character file.

Game seed: 15177939061831923240

60 Toastz the Changeling (level 3, 0/33 HPs)
             Began as a Troll Shapeshifter on Mar 12, 2024.
             Was a Believer of Wu Jian.
             Slain by an orc
             ... wielding a +0 trident
              (6 damage)
             ... on level 3 of the Dungeon.
             The game lasted 00:02:45 (1230 turns).

Toastz the Changeling (Troll Shapeshifter)          Turns: 1230, Time: 00:02:45

Health: 0/33       AC:  4    Str: 24    XL:     3   Next: 80%
Magic:  2/2        EV: 10    Int:  6    God:    Wu Jian [**....]
Gold:   163        SH:  0    Dex:  9    Spells: 2/2 levels left

rFire   . .          .
                       - Unarmed
rCold   . . .        (no shield)
rNeg    . . .        a - +0 animal skin
rPois   .            (helmet currently unavailable)
rElec   .            (cloak currently unavailable)
rCorr   .            (gloves unavailable)
SInv    .            (boots unavailable)
Will    .....        (no amulet)
Stlth   +            (no ring)
HPRegen 1.05/turn    (no ring)
MPRegen 0.08/turn

%: no passive effects
@: beast-form
A: beast (slay +2), large, unfitting armour, claws 3, regeneration 1, shaggy fur
1, tough skin 1
a: Begin Untransformation, Renounce Religion, Wall Jump


You were on level 3 of the Dungeon.
You worshipped Wu Jian.
Wu Jian was pleased with you.
You were a hulking beast.
You visited 1 branch of the dungeon, and saw 3 of its levels.

You collected 163 gold pieces.

Inventory:

Armour
 a - a +0 animal skin (worn)
 l - a +0 cloak
Talismans
 c - a beast talisman (active)
 d - a flux talisman
Scrolls
 e - a scroll of immolation {unknown}
 f - a scroll of teleportation {unknown}
 g - a scroll of blinking {unknown}
 i - 2 scrolls of identify {unknown}
 j - 2 scrolls of fear {unknown}
 k - a scroll of noise {unknown}
Potions
 b - 2 potions of lignification
 h - a potion of might {unknown}


   Skills:
 + Level 1.4 Fighting
 + Level 2.1 Dodging
 + Level 3.3 Unarmed Combat
 * Level 3.6 Shapeshifting


You had 2 spell levels left.
You didn't know any spells.
Your spell library was empty.

Dungeon Overview and Level Annotations

Branches:
Dungeon (3/15)

Altars:
Wu Jian


Innate Abilities, Weirdness & Mutations

You are a hulking beast.
Your limbs bulge with bestial killing power. (Slay +2)
You are too large for most types of armour.
You have claws for hands.
Your natural rate of healing is unusually fast.
You are covered in fur. (AC +1)
You have tough skin. (AC +1)


Message History

You claw the quokka!
You kill the quokka!
The Council accepts your kill.
You see here a quokka corpse.
You see here a +0 cloak.
l - a +0 cloak
Okay, then.
You now have 163 gold pieces (gained 11).
Found 3 stones.
Things that are here:
a +0 whip; 5 stones An orc comes into view.
It is wielding a +0 trident.
Found a brass ring.
The orc shouts!
Aiming: Wall Jump
Press: ? - help, Dir - move target You repeatedly attack the orc from above.
You closely miss the orc. You scratch the orc.
The orc is heavily wounded.
You completely miss the orc.
The orc is heavily wounded.
An orc priest comes into view. It is wielding a +0 club.
The orc hits you with a +0 trident.
An orc comes into view. It is wielding a +0 whip.
The orc hits you with a +0 trident.
The orc shouts!
The orc priest shouts!
You hear a shout!
The orc hits you from afar with a +0 trident.
Aiming: Wall Jump
Press: ? - help, Dir - move target The orc priest mumbles some strange prayers to Beogh against you.
Beogh smites you!
The orc priest mumbles some strange prayers to Beogh against you.
Beogh smites you!
* * * LOW HITPOINT WARNING * * *
You see here a book of the Wilderness.
The orc attacks as it pursues you! The orc closely misses you.
Found a fine wooden ring.
The orc attacks as it pursues you!
The orc hits you from afar with a +0 trident.
You die...

#.# #.##.##.# ##.##
#.##.##.#
#..o######.......#
####.#......####.#####.#
#.....o:###.###...<....#
#.#####.###...).#.######
# #.....o#####....#
.....##..# #.#### ..#.
#.h# ##.## .......=#
#...# .........# #†..#
###....... #...#
.........# #...#
.#..#.##.. ...... #..#.
=...>....# .. ##
........... .#...#.###


You could see an orc priest and 2 orcs.

Vanquished Creatures
  An adder (D:2)
  3 orcs (D:2)
  6 bats
  An endoplasm (D:1)
  4 goblins
  9 hobgoblins
  6 kobolds
  4 quokkas
  3 ball pythons
  2 frilled lizards
  4 rats
43 creatures vanquished.

Notes
Turn   | Place    | Note
-------+----------+-------------------------------------------
     0 | D:1      | Toastz the Troll Shapeshifter began the quest for the Orb.
     0 | D:1      | Reached XP level 1. HP: 18/18 MP: 0/0
    52 | D:1      | Reached skill level 1 in Fighting
    82 | D:1      | Reached XP level 2. HP: 27/27 MP: 1/1
    97 | D:1      | Found a faded altar of an unknown god.
   107 | D:1      | Prayed at the altar of an unknown god.
   107 | D:1      | Became a worshipper of the Wu Jian Council
   107 | D:1      | Reached * piety under Wu Jian
   804 | D:2      | Reached XP level 3. HP: 33/33 MP: 2/2
  1049 | D:2      | Reached ** piety under Wu Jian
  1226 | D:3      | HP: 1/33 [orc priest/divine providence (12)]
  1230 | D:3      | Slain by an orc

Illustrated notes

Levels and vault maps discovered:
D:1:      dpeg_arrival_rooms_with_view, layout_basic,
          dreamdust_ecumenical_altar_statues
D:2:      layout_rooms, serial_bayou_crossing
D:3:      layout_loops_cross

Skill      XL: |  1  2  3 |
---------------+----------+-----
Fighting       | 1 |  1.4
Dodging        | 2 |  2.1
Unarmed Combat | |  3.3
Shapeshifting  | |  3.6

Action                     || total
---------------------------++-------
  Melee: Unarmed           ||    78
         Punch             ||     1
Ability: Lunge             ||    16
         Whirlwind         ||     8
         Wall Jump         ||     4
   Stab: Sleeping          ||     1
 Armour: Animal skin       ||    36
  Dodge: Dodged            ||    30

Table legend: (Time is in decaauts)
 A = Elapsed time spent in this place.
 B = Non-inter-level travel time spent in this place.
 C = Inter-level travel time spent in this place.
 D = Time resting spent in this place.
 E = Time spent auto-exploring this place.
 F = Levels seen in this place.
 G = Mean time per level.
                   A        B        C        D        E       F      G
               +--------+--------+--------+--------+--------+-----+--------+
         Total |   1230 |   1111 |    119 |      2 |    868 |   3 |  410.0 |
       Dungeon |   1230 |   1111 |    119 |      2 |    868 |   3 |  410.0 |
               +--------+--------+--------+--------+--------+-----+--------+

Top non-repeatable levels by time:
     D:1: 752 daAuts
     D:2: 418 daAuts
     D:3: 59 daAuts
